AoeStats
← *#Renovation#*

Arena

508334526Analyzed
2v2 RM · 11d ago on Sep 22, 2026· 29m 50s· 4 players
Game mode
Random Map
Map size
Medium (4 player)
Population
200
Speed
Normal
Resources
Standard
Victory
Conquest
Starting age
Dark Age
Ending age
Imperial Age
RankedLock teamsTeams togetherTeam positionsShared explorationLock speedFull tech treeHidden civsTurbo modeCheats
Victory
Defeat
🇨🇱 Mongols · Chile
993
+15
🇺🇸 Turks · United States
985
+16
🇭🇰 Armenians · Hong Kong SAR China
1038
-18
🇺🇸 Teutons · United States
919
-13
*#Renovation#*
3:54 Loom
10:19 Feudal Age
11:10 Double-Bit Axe
18:52 Castle Age
16:37 Horse Collar
19:36 Forging
19:27 Scale Mail Armor
18:57 Crossbowman
19:12 Pikeman
24:20 Fletching
26:56 Bodkin Arrow
29:00 Thumb Ring
29:17 Bloodlines
rockstar_vb
12:58 Feudal Age
17:37 Castle Age
21:57 Imperial Age
19:52 Double-Bit Axe
19:49 Horse Collar
20:58 Bow Saw
20:48 Gold Mining
24:04 Padded Archer Armor
TinySh0e
10:43 Feudal Age
15:12 Castle Age
13:36 Double-Bit Axe
15:41 Horse Collar
16:37 Scale Barding Armor
16:57 Bow Saw
18:46 Heavy Plow
brain888hk
9:11 Loom
11:39 Feudal Age
15:51 Castle Age
15:48 Double-Bit Axe
15:56 Gold Mining
15:56 Stone Mining
15:55 Horse Collar
17:15 Bow Saw
18:24 Fervor
19:18 Sanctity
23:07 Gold Shaft Mining
23:06 Redemption
24:15 Wheelbarrow
23:28 Town Watch
31:44 Imperial Age
Connection lost

Rejoining the realm…

Still unreachable

The connection could not be restored.

Session expired

The server has moved on; the page needs a fresh start.